 Dungeon Crawl Stone Soup version 0.31.0-2-g5a2aebc5c2 (webtiles) character file.

Game seed: 17851321027299752497

36 Arctor the Vexing (level 3, -1/21 HPs)
             Began as a Kobold Hexslinger on Jan 21, 2024.
             Slain by an orc
             ... wielding a +0 hand axe
              (6 damage)
             ... on level 2 of the Dungeon.
             The game lasted 00:00:44 (1312 turns).

Arctor the Vexing (Kobold Hexslinger)               Turns: 1312, Time: 00:00:44

Health: -1/21      AC:  2    Str:  5    XL:     3   Next: 57%
Magic:  5/5        EV: 15    Int: 14    God:
Gold:   118        SH:  0    Dex: 19    Spells: 5/5 levels left

rFire   . . .        a - +1 sling
rCold   . . .        (no shield)
rNeg    . . .        c - +0 robe
rPois   .            (no helmet)
rElec   .            (no cloak)
rCorr   .            (no gloves)
SInv    .            (no boots)
Will    .....        (no amulet)
Stlth   +++          (no ring)
HPRegen 0.23/turn    (no ring)
MPRegen 0.09/turn

%: no passive effects
@: brilliant
A: small, no large weapons, nightstalker 3
a: no special abilities


You were on level 2 of the Dungeon.
You visited 1 branch of the dungeon, and saw 2 of its levels.

You collected 118 gold pieces.

Inventory:

Hand Weapons
 a - a +1 sling (weapon)
Armour
 c - a +0 robe (worn)
Jewellery
 g - a ring of wizardry
Scrolls
 b - a scroll of poison
 d - a scroll of revelation {unknown}
Potions
 f - a potion of heal wounds {unknown}


   Skills:
 + Level 1.7 Fighting
 + Level 3.1 Ranged Weapons
 + Level 2.9 Dodging
 + Level 1.5 Spellcasting
 + Level 3.2 Hexes
 + Level 1.4 Fire Magic


You had 5 spell levels left.
You didn't know any spells.
Your spell library contained the following spells:

 Spells                   Type           Power      Damage    Failure   Level
 Jinxbite                 Hex            30%        N/A       10%         2
 Sigil of Binding         Hex            15%        N/A       21%         3
 Inner Flame              Hex/Fire       11%        N/A       28%         3
 Cause Fear               Hex            7%         N/A       54%         4
 Dimensional Bullseye     Hex/Tloc       4%         N/A       77%         4
 Passage of Golubria      Tloc           1%         N/A       94%         4
 Silence                  Hex/Air        4%         N/A       98%         5
 Lehudib's Crystal Spear  Conj/Erth      0%         10d2      100%        8


Dungeon Overview and Level Annotations

Branches:
Dungeon (2/15)

Altars:

Shops:
D:1 [


Innate Abilities, Weirdness & Mutations

You are small and have problems with some larger weapons.
You are completely attuned to the shadows.


Message History

A quokka is nearby!
You shoot a sling bullet. The sling bullet hits the quokka.
You kill the quokka!
You see here a +1 mace of venom.
No target in view!
Found a stone staircase leading up.
No target in view!
A giant cockroach comes into view.
You shoot a sling bullet.
The sling bullet hits the giant cockroach.
The giant cockroach is heavily wounded.
A giant cockroach is nearby!
You shoot a sling bullet.
The sling bullet closely misses the giant cockroach.
A giant cockroach is nearby!
You shoot a sling bullet.
The sling bullet barely misses the giant cockroach.
The giant cockroach barely misses you. The giant cockroach misses you.
A giant cockroach is nearby!
You shoot a sling bullet.
The sling bullet hits the giant cockroach.
You kill the giant cockroach!
An orc comes into view. It is wielding a +0 hand axe.
You shoot a sling bullet.
The sling bullet hits the orc but does no damage.
The orc shouts!
You hear a shout! x2
An orc priest comes into view. It is wielding a +0 short sword.
You hear a shout!
There are monsters nearby!
You shoot a sling bullet.
The sling bullet closely misses the orc.
You hear a shout!
The orc priest mumbles some strange prayers to Beogh against you.
Beogh smites you!
Ouch! That really hurt!
* * * LOW HITPOINT WARNING * * *
It was a potion of brilliance.
You feel clever all of a sudden. The orc hits you with a +0 hand axe.
You die...

)..#.........####..
...................
..#....######.....#
#......# ..<..#†..#
##....## .###...#.#
..#.## ##....#
###..# #..# #@.#
#o.# #.... #.o##.
#..#


You could see an orc priest and an orc.

Vanquished Creatures
  An adder (D:2)
  2 ball pythons (D:1)
  An endoplasm (D:1)
  A giant cockroach (D:2)
  4 goblins
  2 hobgoblins
  2 jackals (D:1)
  A quokka (D:2)
  5 bats
  2 frilled lizards (D:1)
  A kobold (D:1)
  4 rats (D:1)
26 creatures vanquished.

Notes
Turn   | Place    | Note
-------+----------+-------------------------------------------
     0 | D:1      | Arctor the Kobold Hexslinger began the quest for the Orb.
     0 | D:1      | Reached XP level 1. HP: 12/12 MP: 2/2
   214 | D:1      | Reached XP level 2. HP: 16/16 MP: 3/3
   494 | D:1      | Found Lubrihi's Armour Shoppe.
   757 | D:1      | Reached XP level 3. HP: 20/20 MP: 5/5
  1312 | D:2      | Slain by an orc

Illustrated notes

Levels and vault maps discovered:
D:1:      wander_arrival_lonely_grave, layout_basic, serial_shops, shop
D:2:      layout_loops_ring, basic_altar, nicolae_half_adder, uniq_robin

Skill      XL: |  1  2 |
---------------+-------+-----
Ranged Weapons | 3 |  3.1
Fighting       | |  1.7
Dodging        | |  2.9
Spellcasting   | |  1.5
Hexes          | |  3.2
Fire Magic     | |  1.4

Action                     || total
---------------------------++-------
   Fire: Sling             ||    73
    Use: Potion            ||     1
 Armour: Robe              ||    12
  Dodge: Dodged            ||    27
